AoeStats
← Toutah

Arabia

510376879Analyzed
1v1 RM · 14h ago on Sep 30, 2026· 26m 13s· 2 players
Game mode
Random Map
Map size
Tiny (2 player)
Population
200
Speed
Normal
Resources
Standard
Victory
Conquest
Starting age
Dark Age
Ending age
Imperial Age
RankedLock teamsTeams togetherTeam positionsShared explorationLock speedFull tech treeHidden civsTurbo modeCheats
Victory
Defeat
🇬🇧 Hindustanis · United Kingdom
892
+15
🇯🇴 Tatars · Jordan
869
-41
Toutah
3:59 Loom
16:35 Feudal Age
20:13 Man-at-Arms
rumham
6:24 Loom
9:32 Feudal Age
11:03 Double-Bit Axe
13:57 Padded Archer Armor
13:48 Horse Collar
14:56 Fletching
21:16 Castle Age
19:24 Gold Mining
21:31 Crossbowman
22:19 Thumb Ring
Connection lost

Rejoining the realm…

Still unreachable

The connection could not be restored.

Session expired

The server has moved on; the page needs a fresh start.